 Dungeon Crawl Stone Soup version 0.19.0-9-gfd783f2 (webtiles) character file.

58 rjrrt the Chopper (level 3, -1/31 HPs)
             Began as a Minotaur Berserker on Nov 7, 2016.
             Was a Believer of Trog.
             Slain by a goblin
             ... wielding a +0 club
             ... led by Robin
              (6 damage)
             ... while paralysed
             ... on level 2 of the Dungeon.
             The game lasted 00:02:07 (954 turns).

rjrrt the Chopper (Minotaur Berserker)               Turns: 954, Time: 00:02:07

Health: -1/31      AC:  3    Str: 21    XL:     3   Next: 76%
Magic:  2/2        EV:  2    Int:  4    God:    Trog [**....]
Gold:   103        SH:  0    Dex: 10    Spells: 0 memorised, 2 levels left

rFire  . . .     SeeInvis .     a - +0 hand axe
rCold  . . .     Gourm    .     b - +0 animal skin
rNeg   . . .     Faith    .     (no shield)
rPois  .         Spirit   .     (helmet restricted)
rElec  .         Reflect  .     (no cloak)
rCorr  .         Harm     .     h - +0 pair of gloves
MR     .....                    (no boots)
Stlth  +.........               (no amulet)
                                (no ring)
                                (no ring)

@: paralysed, exhausted, slowed
A: retaliatory headbutt, horns 2
a: Berserk, Trog's Hand, Burn Spellbooks, Renounce Religion


You were on level 2 of the Dungeon.
You worshipped Trog.
Trog was pleased with you.
You were very hungry.

You visited 1 branch of the dungeon, and saw 2 of its levels.

You collected 103 gold pieces.

Inventory:

Hand Weapons
 a - a +0 hand axe (weapon)
Missiles
 e - a throwing net (quivered)
Armour
 b - a +0 animal skin (worn)
 h - a +0 pair of gloves (worn)
Wands
 n - a wand of lightning (6/15)
Scrolls
 f - 2 scrolls of magic mapping {unknown}
 i - 3 scrolls of identify {unknown}
 j - 2 scrolls of remove curse {unknown}
Potions
 d - a potion of berserk rage {unknown}
 g - a potion of curing {unknown}
 l - a potion of agility {unknown}
Comestibles
 c - a bread ration
 k - 2 meat rations
 m - a chunk of flesh


   Skills:
 - Level 3.6 Fighting
 + Level 5.7 Axes
 - Level 2.4 Armour
 - Level 2.1 Dodging


You had 2 spell levels left.
You didn't know any spells.

Dungeon Overview and Level Annotations

Branches:
Dungeon (2/15)

Altars:
Cheibriados
Xom

Annotations:
D:2 Robin


Innate Abilities, Weirdness & Mutations

You reflexively headbutt those who attack you in melee.
You have a pair of horns on your head.


Message History

Unknown command.
You feel a strong urge to attack something.
You slash Robin!
Robin is severely wounded.
You barely miss the goblin. The goblin hits you with a club.
Robin throws the goblin at you!
Unknown command.
You barely miss Robin.
Robin is severely wounded.
You hit the goblin but do no damage. You closely miss the goblin.
You hit the goblin.
You kill the goblin!
Trog accepts your kill.
You are no longer berserk.
You pass out from exhaustion.
You feel yourself slow down. The goblin hits you with a club.
Robin hits you with a spear.
* * * LOW HITPOINT WARNING * * *
The goblin hits you with a club.
You die...

...............#
...............#
>..............+
...............#
...............######
.###.................
.##..............##
..###.###....).g.g####..
..+.....'....).)@.gg....
..###+###.....))g.#.....
..##...##.........# ...
...#..............# .
...#..............#
...............#....
........####.........
.#........###..[.....
.#...............


You could see Robin, a hobgoblin and 3 goblins.

Vanquished Creatures
  2 worms (D:2)
  2 dart slugs (D:2)
  3 leopard geckos (D:2)
  2 giant cockroaches (D:1)
  2 hobgoblins (D:2)
  4 jackals (D:1)
  4 kobolds
  A quokka (D:2)
  2 bats (D:1)
  3 frilled lizards
  11 goblins
  7 rats
43 creatures vanquished.

Vanquished Creatures (others)
  4 toadstools (D:1)
4 creatures vanquished.

Grand Total: 47 creatures vanquished

Notes
Turn   | Place    | Note
-------+----------+-------------------------------------------
     0 | D:1      | rjrrt the Minotaur Berserker began the quest for the Orb.
     0 | D:1      | Reached XP level 1. HP: 19/19 MP: 0/0
   101 | D:1      | Reached skill level 4 in Axes
   194 | D:1      | Reached XP level 2. HP: 17/26 MP: 1/1
   549 | D:2      | Reached skill level 5 in Axes
   692 | D:2      | Reached ** piety under Trog
   696 | D:2      | Found a shimmering altar of Xom.
   698 | D:2      | Reached XP level 3. HP: 27/31 MP: 2/2
   740 | D:2      | Found a snail-covered altar of Cheibriados.
   935 | D:2      | Noticed Robin
   954 | D:2      | Slain by a goblin

Skill      XL: |  1  2 |
---------------+-------+-----
Axes           | 4 5 |  5.7
Fighting       | |  3.6
Armour         | |  2.4
Dodging        | |  2.1

Action                   || total
-------------------------++-------
Melee: Hand axe          ||    76
       Headbutt          ||    11
Invok: Berserk           ||     1
Armor: Animal skin       ||    13
Dodge: Dodged            ||    53
